 Dungeon Crawl Stone Soup version 0.30.1-9-gdf580d7c3d (webtiles) character file.

Game seed: 6327766102224086445

51 Psyclone the Conjurer (level 3, 19/19 HPs)
             Began as a Deep Elf Conjurer on Sept 27, 2023.
             Quit the game on level 3 of the Dungeon.
             The game lasted 00:02:35 (1544 turns).

Psyclone the Conjurer (Deep Elf Conjurer)           Turns: 1544, Time: 00:02:35

Health: 19/19      AC:  2    Str:  2 (4)  XL:     3   Next: 57%
Magic:  9/10       EV: 12    Int: 23 (24) God:
Gold:   113        SH:  0    Dex: 10 (13) Spells: 9/10 levels left

rFire   . . .        d - +1 short sword (freeze)
rCold   . . .        (no shield)
rNeg    . . .        a - +0 robe
rPois   .            (no helmet)
rElec   .            (no cloak)
rCorr   .            (no gloves)
SInv    .            (no boots)
Will    .....        (no amulet)
Stlth   ++           (no ring)
HPRegen 0.23/turn    (no ring)
MPRegen 0.12/turn

%: no passive effects
@: no status effects
A: no striking features
a: no special abilities


You were on level 3 of the Dungeon.
You visited 1 branch of the dungeon, and saw 3 of its levels.

You collected 113 gold pieces.

Inventory:

Hand Weapons
 d - a +1 short sword of freezing (weapon)
Armour
 a - a +0 robe (worn)
Scrolls
 c - 2 scrolls of identify {@r1}
 e - a scroll of vulnerability
 f - a scroll of fear
 g - a scroll of fog {unknown}
Potions
 b - a potion of magic


   Skills:
 - Level 2.4 Dodging
 - Level 2.4 Stealth
 + Level 4.4 Spellcasting
 + Level 5.2 Conjurations


You had 9 spell levels left.
You knew the following spells:

 Your Spells              Type           Power      Damage    Failure   Level
a - Magic Dart            Conj           100%       1d8       1%          1

Your spell library contained the following spells:

 Spells                   Type           Power      Damage    Failure   Level
 Searing Ray              Conj           58%        2d6       1%          2
 Dazzling Flash           Conj/Hex       34%        N/A       11%         3
 Fulminant Prism          Conj/Hex       8%         3d7       34%         4
 Iskenderun's Mystic Bla  Conj/Tloc      17%        2d5       34%         4
 Anguish                  Hex/Necr       2%         N/A       69%         4
 Cause Fear               Hex            2%         N/A       69%         4
 Enfeeble                 Hex            2%         N/A       100%        7


Dungeon Overview and Level Annotations

Branches:
Dungeon (3/15) Zot: 16457

Altars:


Message History

There is a stone staircase leading up here.
g - a scroll labelled SABRAE RIRIFOE MP restored: 10 A rat comes into view.
A rat is nearby!
A rat is nearby!
A rat is nearby!
Unknown command.
Casting: Magic Dart (safe; 1% risk of failure)
Confirm with . or Enter, or press ? or * to list all spells.
You can't see any susceptible monsters within range! (Use Z to cast anyway.) Unknown command.
Casting: Magic Dart (safe; 1% risk of failure)
Confirm with . or Enter, or press ? or * to list all spells.
You can't see any susceptible monsters within range! (Use Z to cast anyway.) Unknown command.
Casting: Magic Dart (safe; 1% risk of failure)
Confirm with . or Enter, or press ? or * to list all spells.
You can't see any susceptible monsters within range! (Use Z to cast anyway.) Unknown command.
Casting: Magic Dart (safe; 1% risk of failure)
Confirm with . or Enter, or press ? or * to list all spells.
You can't see any susceptible monsters within range! (Use Z to cast anyway.)
Casting: Magic Dart (safe; 1% risk of failure)
Confirm with . or Enter, or press ? or * to list all spells.
Aiming: Magic Dart (safe; 1% risk of failure)
Press: ? - help, Shift-Dir - straight line, f - rat
Aim: a rat (wandering, hasn't noticed you, 100% to hit)
The magic dart hits the rat!
You kill the rat!
You now have 9/10 mp.
Casting: Magic Dart (safe; 1% risk of failure)
Confirm with . or Enter, or press ? or * to list all spells.
You can't see any susceptible monsters within range! (Use Z to cast anyway.) Unknown command.
Unknown command.
Casting: Magic Dart (safe; 1% risk of failure)
Confirm with . or Enter, or press ? or * to list all spells.
You can't see any susceptible monsters within range! (Use Z to cast anyway.) Are you sure you want to abandon this character and quit the game? (Confirm with "yes".)

##...##
##.....##
##.......##
#.........#
+<........+ .
##.........#
...#.........##
.....#......##
#../###@...##
#..#..#..#+##
...##†..## ..
##... ... ..#.
..### .#..#.


There were no monsters in sight!

Vanquished Creatures
  An adder (D:2)
  A worm (D:2)
  4 ball pythons
  5 endoplasms
  3 giant cockroaches
  3 hobgoblins
  6 kobolds
  A quokka (D:1)
  3 bats
  A frilled lizard (D:1)
  10 rats
38 creatures vanquished.

Notes
Turn   | Place    | Note
-------+----------+-------------------------------------------
     0 | D:1      | Psyclone the Deep Elf Conjurer began the quest for the Orb.
     0 | D:1      | Reached XP level 1. HP: 10/10 MP: 6/6
   284 | D:1      | Reached XP level 2. HP: 15/15 MP: 3/8
   706 | D:1      | Found a faded altar of an unknown god.
   962 | D:2      | Reached skill level 5 in Conjurations
   962 | D:2      | Reached XP level 3. HP: 19/19 MP: 6/10
  1533 | D:2      | You fall into a shaft and drop 1 floor!
  1544 | D:3      | Quit the game

Illustrated notes

Levels and vault maps discovered:
D:1:      dpeg_arrival_rooms_a, layout_basic, dreamdust_ecumenical_altar_statues
D:2:      layout_basic, due_unseen_surprise
D:3:      kb_forest_paths, layout_loops_corners, serial_glass, glass_columns_b,
          glass_columns_b, due_unseen_surprise, feat_on_display,
          feat_on_display, minmay_strange_pillars

Skill      XL: |  1  2 |
---------------+-------+-----
Spellcasting   | 4 |  4.4
Conjurations   | 5 |  5.2
Dodging        | |  2.4
Stealth        | |  2.4

Action                     || total
---------------------------++-------
   Cast: Magic Dart        ||    67
    Use: Scroll            ||     5
         Potion            ||     4
  Dodge: Dodged            ||     2
